 Dungeon Sprint DCSS version 0.23.1-37-gaa34b87 (webtiles) character file.

Game seed: 11702294676404504540

54 nuthulu the Fighter (level 7, -10/67 HPs)
             Began as a Formicid Fighter on Mar 20, 2019.
             Was a Priest of Qazlal.
             Mangled by an earth elemental (37 damage)
             ... in the Dungeon (Sprint VI: "Thunderdome").
             The game lasted 00:01:55 (361 turns).

nuthulu the Fighter (Formicid Fighter)               Turns: 361, Time: 00:01:55

Health: -10/67     AC: -3    Str: 29    XL:     7   Next: 32%
Magic:  7/7        EV:  9    Int: 14    God:    Qazlal [***...]
Gold:   145        SH: 15    Dex: 17    Spells: 6/6 levels left

rFire    + + .     SeeInvis +   a - +0 war axe
rCold    . . .     Gourm    .   c - +0 shield
rNeg     . . .     Faith    .   b - +0 scale mail
rPois    .         Spirit   .   (helmet unavailable)
rElec    +         Reflect  .   e - +0 cloak
rCorr    .         Harm     .   (no gloves)
MR       .....                  (no boots)
Stlth    ..........             r - amulet "Peakypsuch" {*Contam +Rage rElec rF+}
HPRegen  0.21/turn              q - ring of Existentialism {rElec rF+ Str+2 Int+2 Dex+2}
MPRegen  0.10/turn              s - ring "Uzxaten" {Int+4 Dex+5}

@: mighty, corroded
A: permanent stasis, dig shafts and tunnels, four strong arms, antennae 3
a: Dig, Upheaval, Elemental Force, Renounce Religion


You were in the Dungeon.
You worshipped Qazlal.
Qazlal was most pleased with you.
You were not hungry.

You visited 1 branch You collected 280 gold pieces.
You spent 135 gold pieces at shops.

Inventory:

Hand Weapons
 a - a +0 war axe (weapon)
Armour
 b - a +0 scale mail (worn)
 c - a +0 shield (worn)
 e - a +0 cloak (worn)
Jewellery
 q - the ring of Existentialism (left hand) {rElec rF+ Str+2 Int+2 Dex+2}
   (You bought it in a shop in the Dungeon)

   [ring of strength]

   It affects your strength (+2).
   It affects your intelligence (+2).
   It affects your dexterity (+2).
   It protects you from fire.
   It insulates you from electricity.
 r - the amulet "Peakypsuch" (around neck) {*Contam +Rage rElec rF+}
   (You bought it in a shop in the Dungeon)

   [amulet of rage]

   It protects you from fire.
   It insulates you from electricity.
   It lets you go berserk.
   It causes magical contamination when unequipped.
 s - the ring "Uzxaten" (right hand) {Int+4 Dex+5}
   (You bought it in a shop in the Dungeon)

   [ring of dexterity]

   It affects your intelligence (+4).
   It affects your dexterity (+5).
Wands
 l - a wand of acid (3)
 m - a wand of iceblast (3)
Scrolls
 k - 4 scrolls of blinking
 n - 3 scrolls of fog
Potions
 g - a potion of heal wounds
 h - 4 potions of haste
 i - 2 potions of magic
 j - a potion of berserk rage
 o - 2 potions of resistance
Comestibles
 f - a ration


   Skills:
 * Level 10.9 Fighting
 * Level 9.9 Axes
 - Level 5.4 Armour
 - Level 5.9 Shields


You had 6 spell levels left.
You didn't know any spells.
Your spell library was empty.

Dungeon Overview and Level Annotations

Branches:
Dungeon (1/1)

Altars:
Cheibriados
Dithmenos
Fedhas
Gozag
Kikubaaqudgha
Makhleb
Okawaru
Qazlal
Ru
Sif Muna
Trog
Uskayaw
Vehumet
Wu Jian
Xom
Yredelemnul
Zin
The Shining One
Beogh
Jiyva
Lugonu

Shops:
D *[%??*?*:[((!!!!


Innate Abilities, Weirdness & Mutations

You cannot be hasted, slowed, berserked, paralysed or teleported.
You can dig through walls and to a lower floor.
Your four strong arms can wield two-handed weapons with a shield.
You have a pair of large antennae on your head. (SInv)


Message History

The gargoyle is moderately damaged.
You barely miss the gargoyle. You slash the rust devil!
The gargoyle hurls a stone arrow at you.
The stone arrow hits you! The rust devil barely misses you.
Unknown command.
You hit the gargoyle but do no damage.
The gargoyle is moderately damaged.
You hit the gargoyle but do no damage.
You hit the rust devil but do no damage.
The gargoyle barely misses you. x2; You block the rust devil's attack.
Unknown command.
You hit the gargoyle but do no damage.
The gargoyle is moderately damaged.
You hit the earth elemental but do no damage.
You hit the rust devil. You hit the gargoyle but do no damage.
The gargoyle hurls a stone arrow at you.
You block the stone arrow. The gargoyle hits you with a +0 flail.
You block the rust devil's attack. The earth elemental hits you!!!
Ouch! That really hurt!
You die...

######.8..{......8.#####
##∩___......###......___∩
###∩........8.# #.8........
##.........)...###..........
#⌠..........###...###.......
#⌠..........# #.<.# #.......
#⌠........)E###...###.......
##........E9...###..........
###∩....)4@98.# #.8........
##∩_._..○...###......_..∩
######.8)........8.#####
#⌠...........⌠#
###.........### #_......._#
#_......._# #_......._#
#∩.......∩#


You could see 2 earth elementals, a rust devil and 2 gargoyles.

Vanquished Creatures
  A rust devil (D)
  A hound (D)
  A gnoll shaman (D)
  Crazy Yiuf (D)
  A worker ant (D)
  3 gnolls (D)
  An adder (D)
  A leopard gecko (D)
  An orc (D)
  A goblin (D)
12 creatures vanquished.

Notes
Turn   | Place    | Note
-------+----------+-------------------------------------------
     0 | D        | nuthulu the Formicid Fighter began the quest for the Orb.
     0 | D        | Reached XP level 1. HP: 18/18 MP: 1/1
     1 | D        | Found a deep blue altar of Sif Muna.
     1 | D        | Found a glowing golden altar of the Shining One.
     2 | D        | Found an opulent altar of Gozag.
     3 | D        | Found a radiant altar of Vehumet.
     3 | D        | Found a basalt altar of Yredelemnul.
     4 | D        | Found a viscous altar of Jiyva.
     4 | D        | Found a hide-covered altar of Uskayaw.
     4 | D        | Found Jatuep's Weapon Rack.
     4 | D        | Found Tonerheruhy's Premium Goods.
     5 | D        | Found Toquesae's Basic Armour.
     5 | D        | Found Puviff's Miscellaneous Merchandise.
     5 | D        | Round 1.
    16 | D        | Found a roughly hewn altar of Beogh.
    18 | D        | Found a corrupted altar of Lugonu.
    19 | D        | Found Rallei's Identification Station.
    19 | D        | Found a burning altar of Makhleb.
    19 | D        | Found an iron altar of Okawaru.
    19 | D        | Found a stormy altar of Qazlal.
    19 | D        | Found Oneideky's Delicious Food.
    20 | D        | Found Qebbonor's Advanced Armour.
    20 | D        | Found Xuadiq's Jewellery.
    27 | D        | Found a shadowy altar of Dithmenos.
    32 | D        | Bought a warped glass ring for 45 gold pieces
    32 | D        | Bought a sparkling ruby amulet for 45 gold pieces
    32 | D        | Bought a faintly glowing amber ring for 45 gold pieces
    32 | D        | Identified the ring of Existentialism {rElec rF+ Str+2
                  | Int+2 Dex+2} (You bought it in a shop in the Dungeon)
    33 | D        | Identified the amulet "Peakypsuch" {*Contam +Rage rElec
                  | rF+} (You bought it in a shop in the Dungeon)
    34 | D        | Identified the ring "Uzxaten" {Int+4 Dex+5} (You bought it
                  | in a shop in the Dungeon)
    37 | D        | Became a worshipper of Qazlal Stormbringer
    89 | D        | Noticed a worker ant
   100 | D        | Reached skill level 4 in Fighting
   100 | D        | Reached XP level 2. HP: 11/25 MP: 2/2
   107 | D        | Reached * piety under Qazlal
   107 | D        | Reached skill level 5 in Fighting
   107 | D        | Reached XP level 3. HP: 31/33 MP: 3/3
   138 | D        | Arena points: 12 (+12) [x2]
   139 | D        | Found Buth's Do-It-Yourself Clinic.
   143 | D        | Found Moup's Bottled Wisdom.
   143 | D        | Found Lyro's Distillery.
   143 | D        | Found a shimmering altar of Xom.
   143 | D        | Found a snail-covered altar of Cheibriados.
   143 | D        | Found a bloodstained altar of Trog.
   143 | D        | Found Ygur's Distillery.
   204 | D        | Round 2.
   208 | D        | Found a sacrificial altar of Ru.
   209 | D        | Found an ancient bone altar of Kikubaaqudgha.
   210 | D        | Found an ornate altar of the Wu Jian Council.
   211 | D        | Found a glowing silver altar of Zin.
   211 | D        | Found a blossoming altar of Fedhas.
   211 | D        | Found Xonenk's Staff Store.
   211 | D        | Found Acsint's Magic Scroll Shop.
   212 | D        | Found Xuacabov's Must-Have Magic.
   212 | D        | Found Ahaciuf's Magic Scroll Shop.
   229 | D        | Reached skill level 5 in Shields
   229 | D        | Reached XP level 4. HP: 39/39 MP: 4/4
   237 | D        | Reached ** piety under Qazlal
   243 | D        | Reached skill level 6 in Fighting
   243 | D        | Reached skill level 5 in Axes
   243 | D        | Reached skill level 5 in Armour
   243 | D        | Reached XP level 5. HP: 36/47 MP: 5/5
   271 | D        | Noticed Crazy Yiuf
   279 | D        | Killed Crazy Yiuf
   279 | D        | Reached *** piety under Qazlal
   279 | D        | Arena points: 54 (+42) [x3]
   279 | D        | Reached skill level 7 in Fighting
   329 | D        | Round 3.
   338 | D        | Noticed a rust devil
   339 | D        | Noticed a rust devil
   343 | D        | Noticed a gargoyle
   346 | D        | Noticed a gargoyle
   353 | D        | Killed a rust devil
   353 | D        | Reached skill level 10 in Fighting
   353 | D        | Reached XP level 6. HP: 47/61 MP: 6/6
   353 | D        | Reached XP level 7. HP: 52/67 MP: 7/7
   361 | D        | Mangled by an earth elemental

Skill      XL: |  1  2  3  4  5 |
---------------+----------------+-----
Fighting       | 4 5 6 10 | 10.9
Axes           | 3 4 5 9 |  9.9
Shields        | 4 5 |  5.9
Armour         | 4 5 |  5.4

Action                   |  1- 3 |  4- 6 |  7- 9 || total
-------------------------+-------+-------+-------++-------
Melee: War axe           |    29 |    16 |     6 ||    51
Evoke: Wand              |       |     4 |       ||     4
  Use: Potion            |     3 |     1 |     1 ||     5
Armor: Scale mail        |    17 |     3 |       ||    20
Dodge: Dodged            |    20 |     4 |     5 ||    29
Block: Shield            |    28 |    11 |    11 ||    50
